TOP OF THE 1ST |
Peoria Chiefs batting - Pitching for Greensboro Grasshoppers : LHP Mike Wasson
|
Pitching: LHP Mike Wasson
|
|
Batting: SHB Bobby O'Leary
|
0-0: Ball 1-0: Called Strike 1-1: Ball 2-1: Swinging Strike 2-2: Strikes out swinging
|
Batting: RHB John Peterson
|
0-0: Ground out 1-3 (Groundball, 13, EV 70.6 MPH)
|
Batting: SHB Jason Kirby
|
0-0: Ball 1-0: Ball 2-0: Ball 3-0: Base on Balls
|
Batting: RHB Immel Kamuzu
|
0-0: Called Strike 0-1: Ball 1-1: Ball 2-1: Fielders Choice at 2nd, 6-4 (Groundball, 6, EV 105.6 MPH)
|
Top of the 1st over - 0 runs, 0 hits, 0 errors, 1 left on base; Peoria 0 - Greensboro 0 |
BOTTOM OF THE 1ST |
Greensboro Grasshoppers batting - Pitching for Peoria Chiefs : RHP Keith Anter
|
Pitching: RHP Keith Anter
|
|
Batting: RHB Rick Fell
|
0-0: SINGLE (Groundball, 6MD, EV 102.5 MPH)
|
Batting: LHB Jose Cabello
|
0-0: Ball 1-0: Ball 2-0: Foul Ball, location: 2F 2-1: Foul Ball, location: 2F 2-2: Fielders Choice at 2nd, 3-6 (Groundball, 3, EV 85.6 MPH)
|
Batting: RHB Akira Suzuki
|
0-0: Ball 1-0: Ball 2-0: Ball 3-0: Base on Balls Jose Cabello to second
|
Batting: RHB Willie Chavez
|
0-0: Ball Jose Cabello steals 3rd, throwing error, E2 Jose Cabello scores Akira Suzuki to third 1-0: Ball 2-0: Foul Ball, location: 2F 2-1: Ball 3-1: Called Strike 3-2: Base on Balls
|
Batting: RHB Gavin Helton
|
0-0: Called Strike 0-1: Ball 1-1: Called Strike Willie Chavez steals 2nd base 1-2: Ball 2-2: Ground out 6-3 (Groundball, 6S, EV 86.9 MPH) Akira Suzuki scores
|
Batting: RHB Jerry Delgado
|
0-0: Swinging Strike 0-1: Ball 1-1: Ball 2-1: Foul Ball, location: 2F 2-2: Foul Ball, location: 2F 2-2: SINGLE (Groundball, 4MD, EV 100.6 MPH) Willie Chavez to third Runner from 3rd tries for Home, SAFE, throw by CF to home
|
Batting: RHB Kyle Ashton
|
0-0: Foul Ball, location: 2F 0-1: Foul Ball, location: 2F 0-2: Ball 1-2: Strikes out looking
|
Bottom of the 1st over - 3 runs, 2 hits, 1 error, 1 left on base; Peoria 0 - Greensboro 3 |
TOP OF THE 2ND |
Peoria Chiefs batting - Pitching for Greensboro Grasshoppers : LHP Mike Wasson
|
Batting: RHB Pat Scaturro
|
0-0: Ball 1-0: Called Strike 1-1: Swinging Strike 1-2: Ball 2-2: Foul Ball, location: 2F 2-2: Foul Ball, location: 2F 2-2: Strikes out looking
|
Batting: LHB Adam Eisen
|
0-0: Foul Ball, location: 2F 0-1: Called Strike 0-2: Ball 1-2: Ball 2-2: Strikes out swinging
|
Batting: RHB Brad Payne
|
0-0: SINGLE (Groundball, 56D, EV 98.1 MPH)
|
Batting: RHB Tommy Tracy
|
0-0: Foul Ball, location: 2F 0-1: Swinging Strike 0-2: Ball 1-2: Ball 2-2: Strikes out swinging
|
Top of the 2nd over - 0 runs, 1 hit, 0 errors, 1 left on base; Peoria 0 - Greensboro 3 |
BOTTOM OF THE 2ND |
Greensboro Grasshoppers batting - Pitching for Peoria Chiefs : RHP Keith Anter
|
Batting: RHB John Jackson
|
0-0: Ball 1-0: Foul Ball, location: 2F 1-1: Called Strike 1-2: Ball 2-2: Strikes out looking
|
Batting: RHB Humberto Oros
|
0-0: Swinging Strike 0-1: Ball 1-1: Ball 2-1: Swinging Strike 2-2: Strikes out swinging
|
Batting: RHB Rick Fell
|
0-0: Foul Ball, location: 2F 0-1: Foul Ball, location: 2F 0-2: Ball 1-2: DOUBLE (Line Drive, 7LM, EV 106.2 MPH)
|
Batting: LHB Jose Cabello
|
0-0: Foul Ball, location: 2F 0-1: Ball 1-1: Called Strike 1-2: Strikes out swinging
|
Bottom of the 2nd over - 0 runs, 1 hit, 0 errors, 1 left on base; Peoria 0 - Greensboro 3 |
TOP OF THE 3RD |
Peoria Chiefs batting - Pitching for Greensboro Grasshoppers : LHP Mike Wasson
|
Batting: RHB Mario Mendoza
|
0-0: Called Strike 0-1: Called Strike 0-2: Ball 1-2: Strikes out swinging, 2-3 out at first.
|
Batting: SHB Bobby O'Leary
|
0-0: Called Strike 0-1: Ball 1-1: Foul Ball, location: 2F 1-2: Ground out 4-3 (Groundball, 4MS, EV 73.1 MPH)
|
Batting: RHB John Peterson
|
0-0: Ball 1-0: Ball 2-0: Foul Ball, location: 2F 2-1: Fly out, F8 (Flyball, 89D, EV 84.4 MPH)
|
Top of the 3rd over - 0 runs, 0 hits, 0 errors, 0 left on base; Peoria 0 - Greensboro 3 |
BOTTOM OF THE 3RD |
Greensboro Grasshoppers batting - Pitching for Peoria Chiefs : RHP Keith Anter
|
Batting: RHB Akira Suzuki
|
0-0: Called Strike 0-1: Ball 1-1: Ball 2-1: Ball 3-1: Base on Balls
|
Batting: RHB Willie Chavez
|
0-0: Ball 1-0: Ball 2-0: Called Strike 2-1: Ball 3-1: Called Strike 3-2: Strikes out swinging Akira Suzuki steals 2nd base Batter strikes out.
|
Batting: RHB Gavin Helton
|
0-0: Ball 1-0: Called Strike 1-1: Called Strike 1-2: Foul Ball, location: 2F 1-2: Ball 2-2: Strikes out swinging
|
Batting: RHB Jerry Delgado
|
0-0: Called Strike 0-1: Foul Ball, location: 2F 0-2: DOUBLE (Line Drive, 5D, EV 95.6 MPH) Akira Suzuki scores
|
Batting: RHB Kyle Ashton
|
0-0: SINGLE (Groundball, 6D, EV 103.1 MPH) Jerry Delgado to third Runner from 3rd tries for Home, SAFE, throw by CF to home Kyle Ashton to second
|
Pitching: RHP Quinn Grantham
|
|
Batting: RHB John Jackson
|
0-0: Called Strike 0-1: Called Strike 0-2: Ball 1-2: Strikes out looking
|
Bottom of the 3rd over - 2 runs, 2 hits, 0 errors, 1 left on base; Peoria 0 - Greensboro 5 |
TOP OF THE 4TH |
Peoria Chiefs batting - Pitching for Greensboro Grasshoppers : LHP Mike Wasson
|
Now in CF: Marco Sianez
|
|
Batting: SHB Jason Kirby
|
0-0: Called Strike 0-1: Ground out 4-3 (Groundball, 4S, EV 66.2 MPH)
|
Batting: RHB Immel Kamuzu
|
0-0: Called Strike 0-1: Ground out 4-3 (Groundball, 4, EV 87.5 MPH)
|
Batting: RHB Pat Scaturro
|
0-0: Ground out 5-3 (Groundball, 5S, EV 85.6 MPH)
|
Top of the 4th over - 0 runs, 0 hits, 0 errors, 0 left on base; Peoria 0 - Greensboro 5 |
BOTTOM OF THE 4TH |
Greensboro Grasshoppers batting - Pitching for Peoria Chiefs : RHP Quinn Grantham
|
Batting: RHB Humberto Oros
|
0-0: Called Strike 0-1: Called Strike 0-2: Strikes out looking
|
Batting: RHB Rick Fell
|
0-0: Called Strike 0-1: Called Strike 0-2: Foul Ball, location: 2F 0-2: Ball 1-2: Ball 2-2: Ball 3-2: Base on Balls
|
Batting: LHB Jose Cabello
|
0-0: SINGLE (Groundball, 3L, EV 94.4 MPH) Rick Fell to second Runner from 2nd tries for 3rd, SAFE, throw by RF made to third Jose Cabello to second
|
Batting: RHB Akira Suzuki
|
0-0: Ball 1-0: Ball 2-0: SINGLE (Line Drive, 9S, EV 95.0 MPH) Rick Fell scores Jose Cabello to third Runner from 3rd tries for Home, SAFE, throw by RF to home
|
Batting: RHB Willie Chavez
|
0-0: Ball 1-0: Ball 2-0: Foul Ball, location: 2F 2-1: Ball 3-1: Base on Balls Akira Suzuki to second
|
Batting: RHB Gavin Helton
|
0-0: Ball 1-0: Called Strike 1-1: Ball 2-1: SINGLE (Groundball, 56D, EV 98.1 MPH) Akira Suzuki to third Willie Chavez to second Runner from 3rd tries for Home, SAFE, throw by LF to home
|
Batting: RHB Marco Sianez
|
0-0: Ball 1-0: Called Strike 1-1: SINGLE (Groundball, P, EV 90.6 MPH) (infield hit) Willie Chavez to third Gavin Helton to second
|
Batting: RHB Kyle Ashton
|
0-0: Reached on error, E3 (Groundball, 34S, EV 68.1 MPH) Willie Chavez scores Gavin Helton to third Marco Sianez to second
|
Pitching: RHP Andrew Ray
|
|
Batting: RHB John Jackson
|
0-0: Ball 1-0: Ball 2-0: Called Strike 2-1: Ball 3-1: SINGLE (Groundball, 56D, EV 100.6 MPH) Gavin Helton scores Marco Sianez to third Kyle Ashton to second Runner from 3rd tries for Home, throw by LF and OUT! 7-2
|
Batting: RHB Humberto Oros
|
0-0: Swinging Strike 0-1: SINGLE (Groundball, 4, EV 99.4 MPH) Kyle Ashton to third John Jackson to second Runner from 3rd tries for Home, SAFE, throw by CF to home
|
Batting: RHB Rick Fell
|
0-0: Called Strike 0-1: Called Strike 0-2: Ball 1-2: Foul Ball, location: 2F 1-2: Single, Error in OF, E7, batter to second base (Groundball, 56D, EV 98.1 MPH) John Jackson scores Humberto Oros to third
|
Batting: LHB Jose Cabello
|
0-0: Called Strike 0-1: Ground out U3 (Groundball, 3, EV 86.9 MPH)
|
Bottom of the 4th over - 7 runs, 7 hits, 2 errors, 2 left on base; Peoria 0 - Greensboro 12 |
TOP OF THE 5TH |
Peoria Chiefs batting - Pitching for Greensboro Grasshoppers : LHP Mike Wasson
|
Batting: LHB Adam Eisen
|
0-0: Ball 1-0: Called Strike 1-1: Swinging Strike 1-2: Foul Ball, location: 2F 1-2: Ball 2-2: Ball 3-2: Ground out 4-3 (Groundball, 4, EV 83.1 MPH)
|
Batting: RHB Brad Payne
|
0-0: Ball 1-0: Ground out 3-1 (Groundball, 34S, EV 63.8 MPH)
|
Batting: RHB Tommy Tracy
|
0-0: Ground out 6-3 (Groundball, 6, EV 88.1 MPH)
|
Top of the 5th over - 0 runs, 0 hits, 0 errors, 0 left on base; Peoria 0 - Greensboro 12 |
BOTTOM OF THE 5TH |
Greensboro Grasshoppers batting - Pitching for Peoria Chiefs : RHP Andrew Ray
|
Batting: RHB Akira Suzuki
|
0-0: Ball 1-0: Ball 2-0: Ground out 5-3 (Groundball, 56, EV 82.5 MPH)
|
Batting: RHB Willie Chavez
|
0-0: Called Strike 0-1: Foul Ball, location: 2F 0-2: Ball 1-2: Ball 2-2: Ball 3-2: Foul Ball, location: 2F 3-2: Fly out, F7 (Flyball, 7S, EV 92.5 MPH)
|
Batting: RHB Gavin Helton
|
0-0: Ball 1-0: Ball 2-0: Fly out, F9 (Flyball, 89D, EV 106.9 MPH)
|
Bottom of the 5th over - 0 runs, 0 hits, 0 errors, 0 left on base; Peoria 0 - Greensboro 12 |
TOP OF THE 6TH |
Peoria Chiefs batting - Pitching for Greensboro Grasshoppers : LHP Mike Wasson
|
Batting: RHB Mario Mendoza
|
0-0: Ball 1-0: Ground out 5-3 (Groundball, 56, EV 105.6 MPH)
|
Batting: SHB Bobby O'Leary
|
0-0: Ball 1-0: Ground out 4-3 (Groundball, 4, EV 93.8 MPH)
|
Batting: RHB John Peterson
|
0-0: Ball 1-0: Ball 2-0: Ball 3-0: Called Strike 3-1: Foul Ball, location: 2F 3-2: Ground out U3 (Groundball, 3, EV 102.5 MPH)
|
Top of the 6th over - 0 runs, 0 hits, 0 errors, 0 left on base; Peoria 0 - Greensboro 12 |
BOTTOM OF THE 6TH |
Greensboro Grasshoppers batting - Pitching for Peoria Chiefs : RHP Andrew Ray
|
Batting: RHB Marco Sianez
|
0-0: Ball 1-0: Ball 2-0: Foul Ball, location: 2F 2-1: Ground out U3 (Groundball, 34S, EV 78.1 MPH)
|
Pitching: RHP Steve Barnett
|
|
Batting: RHB Kyle Ashton
|
0-0: Called Strike 0-1: Ball 1-1: Ground out 6-3 (Groundball, 6, EV 103.1 MPH)
|
Batting: RHB John Jackson
|
0-0: Foul Ball, location: 2F 0-1: Ball 1-1: Ball 2-1: Swinging Strike 2-2: Foul Ball, location: 2F 2-2: Foul Ball, location: 2F 2-2: Ball 3-2: Ground out 2-3 (Groundball, 2R, EV 65.0 MPH)
|
Bottom of the 6th over - 0 runs, 0 hits, 0 errors, 0 left on base; Peoria 0 - Greensboro 12 |
TOP OF THE 7TH |
Peoria Chiefs batting - Pitching for Greensboro Grasshoppers : LHP Mike Wasson
|
Batting: SHB Jason Kirby
|
0-0: Ball 1-0: Called Strike 1-1: Ball 2-1: Ball 3-1: Foul Ball, location: 2F 3-2: Base on Balls
|
Batting: RHB Immel Kamuzu
|
0-0: Ball 1-0: Fly out, F7 (Flyball, 78D, EV 105.6 MPH)
|
Batting: RHB Pat Scaturro
|
0-0: Ball 1-0: Ball 2-0: Ball 3-0: Called Strike 3-1: Base on Balls Jason Kirby to second
|
Batting: LHB Adam Eisen
|
0-0: Foul Ball, location: 2F 0-1: Ball 1-1: Swinging Strike 1-2: Strikes out swinging
|
Batting: RHB Brad Payne
|
0-0: Ball 1-0: Ball 2-0: Swinging Strike 2-1: Ball 3-1: Base on Balls Jason Kirby to third Pat Scaturro to second
|
Batting: RHB Tommy Tracy
|
0-0: Called Strike 0-1: Ball 1-1: Fielders Choice at 2nd, 6-4 (Groundball, 6, EV 80.6 MPH)
|
Top of the 7th over - 0 runs, 0 hits, 0 errors, 3 left on base; Peoria 0 - Greensboro 12 |
BOTTOM OF THE 7TH |
Greensboro Grasshoppers batting - Pitching for Peoria Chiefs : RHP Steve Barnett
|
Pinch Hitting: RHB Manny Gonzalez
|
0-0: Ball 1-0: Called Strike 1-1: Ground out U3 (Groundball, 3L, EV 87.5 MPH)
|
Batting: RHB Rick Fell
|
0-0: Foul Ball, location: 2F 0-1: Swinging Strike 0-2: Ground out 5-3 (Groundball, 56S, EV 86.9 MPH)
|
Batting: LHB Jose Cabello
|
0-0: Ball 1-0: Ball 2-0: Ball 3-0: Base on Balls
|
Batting: RHB Akira Suzuki
|
0-0: Ball 1-0: Ball 2-0: Called Strike 2-1: Swinging Strike 2-2: DOUBLE (Flyball, 8LXD, EV 114.4 MPH) Jose Cabello to third
|
Pitching: LHP Heath Maher
|
|
Batting: RHB Willie Chavez
|
0-0: Ball 1-0: 3-RUN HOME RUN (Flyball, 7LD, EV 93.8 MPH), Distance : 347 ft
|
Batting: RHB Gavin Helton
|
0-0: Ball 1-0: Swinging Strike 1-1: Called Strike 1-2: Ground out 6-3 (Groundball, 6, EV 81.9 MPH)
|
Bottom of the 7th over - 3 runs, 2 hits, 0 errors, 0 left on base; Peoria 0 - Greensboro 15 |
TOP OF THE 8TH |
Peoria Chiefs batting - Pitching for Greensboro Grasshoppers : LHP Mike Wasson
|
Now at 2B: Manny Gonzalez
|
|
Now at SS: Kyle Ashton
|
|
Batting: RHB Mario Mendoza
|
0-0: Ball 1-0: Ball 2-0: Ball 3-0: Base on Balls
|
Batting: LHB Robert Rauda
|
0-0: Ball 1-0: Called Strike 1-1: Foul Ball, location: 2F 1-2: Fielders Choice at 2nd, 2-4 (Groundball, 2L, EV 70.0 MPH)
|
Pitching: RHP Marco Quezada
|
|
Batting: RHB John Peterson
|
0-0: Swinging Strike 0-1: Ball 1-1: Ground out 6-3 (Groundball, P, EV 85.0 MPH) Robert Rauda to second
|
Batting: SHB Jason Kirby
|
0-0: Ball 1-0: Foul Ball, location: 2F 1-1: Ball 2-1: Foul Ball, location: 2F 2-2: Foul Ball, location: 2F 2-2: Fly out, F6 (Popup, 6M, EV 56.9 MPH)
|
Top of the 8th over - 0 runs, 0 hits, 0 errors, 1 left on base; Peoria 0 - Greensboro 15 |
BOTTOM OF THE 8TH |
Greensboro Grasshoppers batting - Pitching for Peoria Chiefs : LHP Heath Maher
|
Batting: RHB Marco Sianez
|
0-0: Ball 1-0: Foul Ball, location: 2F 1-1: Ground out 6-3 (Groundball, 56, EV 83.1 MPH)
|
Batting: RHB Kyle Ashton
|
0-0: Fly out, F2 (Popup, 23F, EV 84.4 MPH)
|
Batting: RHB John Jackson
|
0-0: Ball 1-0: Called Strike 1-1: Ground out 5-3 (Groundball, 5S, EV 68.1 MPH)
|
Bottom of the 8th over - 0 runs, 0 hits, 0 errors, 0 left on base; Peoria 0 - Greensboro 15 |
TOP OF THE 9TH |
Peoria Chiefs batting - Pitching for Greensboro Grasshoppers : RHP Marco Quezada
|
Batting: RHB Immel Kamuzu
|
0-0: Called Strike 0-1: Ball 1-1: Ball 2-1: Called Strike 2-2: Strikes out swinging wild pitch, reaches first!
|
Batting: RHB Pat Scaturro
|
0-0: Ball 1-0: Foul Ball, location: 2F 1-1: Ball 2-1: DOUBLE (Line Drive, 7LM, EV 113.1 MPH) Immel Kamuzu to third
|
Batting: LHB Adam Eisen
|
0-0: Foul Ball, location: 2F 0-1: Foul Ball, location: 2F 0-2: Foul Ball, location: 2F 0-2: SINGLE (Groundball, 34S, EV 61.9 MPH) (infield hit) Immel Kamuzu scores Pat Scaturro to third
|
Batting: RHB Brad Payne
|
0-0: Ball 1-0: Ball 2-0: Foul Ball, location: 2F 2-1: Ball 3-1: SINGLE (Groundball, 56D, EV 108.1 MPH) Pat Scaturro scores Adam Eisen to second
|
Batting: RHB Tommy Tracy
|
0-0: Ball 1-0: Fielders Choice at 2nd, 6-4 (Groundball, 6, EV 95.6 MPH) Adam Eisen to third
|
Batting: RHB Mario Mendoza
|
0-0: Called Strike 0-1: Ground out 5-3 (Groundball, 56S, EV 70.6 MPH) Adam Eisen scores Tommy Tracy to second
|
Batting: LHB Robert Rauda
|
0-0: Ball 1-0: Ground out 5-3 (Groundball, 56, EV 83.8 MPH)
|
Top of the 9th over - 3 runs, 3 hits, 0 errors, 1 left on base; Peoria 3 - Greensboro 15 |
|